 Dungeon Crawl Stone Soup version 0.28-a0-983-g1de4e0787c (webtiles) character file.

Game seed: 64363581506540709

10 browni3141 the Slasher (level 2, -1/24 HPs)
             Began as a Barachi Monk on Dec 2, 2021.
             Slain by a hobgoblin (3 damage)
             ... on level 1 of the Dungeon.
             The game lasted 00:01:24 (303 turns).

browni3141 the Slasher (Barachi Monk)                Turns: 303, Time: 00:01:24

Health: -1/24      AC:  2    Str: 12    XL:     2   Next: 20%
Magic:  2/2        EV: 13    Int: 10    God:
Gold:   5          SH:  0    Dex: 14    Spells: 1/1 levels left

rFire   . . .      SeeInvis .   a - +0 falchion
rCold   . . .      Faith    .   (no shield)
rNeg    . . .      Spirit   .   b - +0 robe
rPois   .          Reflect  .   (no helmet)
rElec   .          Harm     .   (no cloak)
rCorr   .          Rampage  .   (no gloves)
Will    .....                   (no boots)
Stlth   ++........              (no amulet)
HPRegen 0.08/turn               (no ring)
MPRegen 0.08/turn               (no ring)

@: unable to hop, slow
A: amphibious, slowness 1, strong legs 1, +LOS
a: Hop


You were on level 1 of the Dungeon.
You visited 1 branch of the dungeon, and saw 1 of its levels.

You collected 5 gold pieces.

Inventory:

Hand Weapons
 a - a +0 falchion (weapon)
Armour
 b - a +0 robe (worn)
 c - a +0 chain mail


   Skills:
 - Level 3.6 Fighting
 * Level 4.4 Long Blades
 - Level 3.2 Dodging
 - Level 1.7 Stealth


You had one spell level left.
You didn't know any spells.
Your spell library was empty.

Dungeon Overview and Level Annotations

Branches:
Dungeon (1/15)

Altars:


Innate Abilities, Weirdness & Mutations

You are amphibious.
You cover ground slowly.
You can hop short distances.
You have an extended range of vision and can be seen from far away.


Message History

You have reached level 2!
The dart slug bites you.
* * * LOW HITPOINT WARNING * * *
Things that are here:
a giant cockroach corpse; a ball python corpse You hit the dart slug.
The dart slug is heavily wounded.
The dart slug misses you.
You slash the dart slug!
You kill the dart slug!
Hop to where?
Press: ? - help, Dir - move target Boing!
You closely miss the hobgoblin. The hobgoblin hits you.
* * * LOW HITPOINT WARNING * * *
Unknown command.
You hit the hobgoblin but do no damage. The hobgoblin hits you.
* * * LOW HITPOINT WARNING * * *
You hit the hobgoblin.
The hobgoblin is moderately wounded.
The hobgoblin closely misses you.
You closely miss the hobgoblin.
The hobgoblin is moderately wounded.
The hobgoblin barely misses you.
You hit the hobgoblin but do no damage.
The hobgoblin is moderately wounded.
The hobgoblin hits you but does no damage.
You closely miss the hobgoblin. The hobgoblin hits you.
* * * LOW HITPOINT WARNING * * *
Unknown command.
You hit the hobgoblin.
The hobgoblin is almost dead.
The hobgoblin hits you but does no damage.
You closely miss the hobgoblin.
The hobgoblin is almost dead.
The hobgoblin hits you but does no damage. x2
You barely miss the hobgoblin.
The hobgoblin is almost dead.
The hobgoblin hits you.
You die...

.##... ##†#.###....
.........
.......##†..........
.........
#.......#.#####...#
###.......
....................
...........
.####.......#####..
........... #.#.#......# .#
#......... #...##..##.##
..####........ ##..
#.....g# ...#.........
#..#..###.@#####.#..#......
#..#.## #.....#............
##... ##.##.#......#.....
.#. ##...............>.
.... >.............#......
.. . ............†........#
....................÷.
......................
......##...≈≈≈........


You could see a hobgoblin.

Vanquished Creatures
  A dart slug (D:1)
  3 ball pythons (D:1)
  A giant cockroach (D:1)
  A quokka (D:1)
  A bat (D:1)
  A frilled lizard (D:1)
8 creatures vanquished.

Notes
Turn   | Place    | Note
-------+----------+-------------------------------------------
     0 | D:1      | browni3141 the Barachi Monk began the quest for the Orb.
     0 | D:1      | Reached XP level 1. HP: 18/18 MP: 1/1
   247 | D:1      | Reached skill level 4 in Long Blades
   284 | D:1      | Reached XP level 2. HP: 7/24 MP: 2/2
   303 | D:1      | Slain by a hobgoblin

Illustrated notes

Levels and vault maps discovered:
D:1:      minmay_arrival_hallway, layout_rooms, hangedman_decor_slide_cut,
          chequers_serial_rivers_micro_d

Skill      XL: |  1 |
---------------+----+-----
Long Blades    | 4 |  4.4
Fighting       | |  3.6
Dodging        | |  3.2
Stealth        | |  1.7

Action                   || total
-------------------------++-------
Melee: Falchion          ||    43
 Abil: Hop               ||     2
 Stab: Sleeping          ||     2
Armor: Robe              ||    13
Dodge: Dodged            ||    44

Table legend: (Time is in decaauts)
 A = Elapsed time spent in this place.
 B = Non-inter-level travel time spent in this place.
 C = Inter-level travel time spent in this place.
 D = Time resting spent in this place.
 E = Time spent auto-exploring this place.
 F = Levels seen in this place.
 G = Mean time per level.
                   A        B        C        D        E       F      G
               +--------+--------+--------+--------+--------+-----+--------+
         Total |    326 |    326 |      0 |     12 |    176 |   1 |  326.0 |
       Dungeon |    326 |    326 |      0 |     12 |    176 |   1 |  326.0 |
               +--------+--------+--------+--------+--------+-----+--------+

Top non-repeatable levels by time:
     D:1: 326 daAuts
